 Dungeon Crawl Stone Soup version 0.30.0-5-g1a98f26d00 (webtiles) character file.

Game seed: 8334107683866378772

84 patfeehan111222 the Trooper (level 4, -1/57 HPs)
             Began as a Demonspawn Berserker on May 8, 2023.
             Was a Believer of Trog.
             Killed from afar by an oklob plant (32 damage)
             ... with a splash of acid
             ... on level 3 of the Dungeon.
             The game lasted 00:02:56 (1871 turns).

patfeehan111222 the Trooper (Demonspawn Berserker)  Turns: 1871, Time: 00:02:57

Health: -1/57      AC:  3    Str: 19    XL:     4   Next: 24%
Magic:  4/4        EV: 11    Int:  9    God:    Trog [**....]
Gold:   49         SH:  0    Dex: 12    Spells: 3/3 levels left

rFire   . . .        a - +0 hand axe
rCold   . . .        (no shield)
rNeg    . . .        f - +0 ring mail
rPois   .            (no helmet)
rElec   .            (no cloak)
rCorr   .            (no gloves)
SInv    .            c - +0 pair of boots
Will    .....        (no amulet) Stlth
                     (no ring)
HPRegen 0.29/turn    (no ring)
MPRegen 0.09/turn

%: no passive effects
@: berserking, corroded, very quick
A: rugged brown scales 1, ignite blood 1
a: Renounce Religion, Berserk, Trog's Hand


You were on level 3 of the Dungeon.
You worshipped Trog.
Trog was pleased with you.
You visited 1 branch of the dungeon, and saw 3 of its levels.

You collected 49 gold pieces.

Inventory:

Hand Weapons
 a - a +0 hand axe (weapon)
Armour
 c - a +0 pair of boots (worn)
 f - a +0 ring mail (worn)
Scrolls
 b - a scroll of torment {unknown}
 d - a scroll of vulnerability {unknown}
 i - a scroll of noise {unknown}
 l - a scroll of poison {unknown}
 o - a scroll of teleportation {unknown}
 p - 3 scrolls of enchant armour {unknown}
 q - a scroll of brand weapon {unknown}
 r - a scroll of identify
Potions
 e - a potion of brilliance
 g - a potion of heal wounds {unknown}
 h - a potion of berserk rage {unknown}
 j - a potion of cancellation {unknown}
 k - 2 potions of mutation {unknown}
 m - a potion of lignification {unknown}
 n - a potion of flight {unknown}


   Skills:
 + Level 3.8 Fighting
 + Level 3.3 Axes
 + Level 2.6 Armour
 + Level 2.1 Dodging


You had 3 spell levels left.
You didn't know any spells.
Your spell library was empty.

Dungeon Overview and Level Annotations

Branches:
Dungeon (3/15)

Altars:
Cheibriados
Fedhas

Annotations:
D:3 exclusion: oklob plant


Innate Abilities, Weirdness & Mutations

You are partially covered in rugged brown scales. (AC +1, +3% HP)
Your demonic aura sometimes causes spilled blood to erupt in flames.


Message History

You hit the ball python.
You kill the ball python!
Trog accepts your kill.
You see here a ball python corpse.
Found 4 large rocks.
r - a scroll of identify You see here 4 large rocks.
Found a blossoming altar of Fedhas.
An oklob plant comes into view.
Marking area around an oklob plant as unsafe for travelling.
You slash the plant!
The plant begins to die.
The plant is lightly damaged.
You hit the plant but do no damage. You hit the plant.
The plant begins to die.
You slash the plant!
The plant is lightly damaged.
You hit the plant.
The plant begins to die.
You hit the plant. You hit the plant. You punch the plant.
The plant is lightly damaged.
You hit the plant. x2
You hit the plant. You punch the plant.
The plant is lightly damaged.
You hit the plant. x2; A nearby plant withers and dies. x3
The oklob plant spits acid at you. The splash of acid hits you!!
The acid corrodes you!
A red film seems to cover your vision as you go berserk!
You feel yourself moving faster!
You feel mighty!
You hit the oklob plant.
The oklob plant is lightly damaged.
You hit the plant.
The plant begins to die.
You hit the plant.
The plant begins to die.
You hit the fungus.
The fungus begins to die.
You hit the oklob plant but do no damage.
The oklob plant is lightly damaged.
You hit the plant. You hit the fungus. You slash the plant!
You hit the oklob plant.
The oklob plant is lightly damaged.
You slash the plant! You hit the fungus. You hit the plant but do no damage.
The oklob plant spits acid at you. The splash of acid hits you!!
Ouch! That really hurt!
You die...

##.~≈≈~...≈~~~.###P#.....#..#....
...~≈≈~._......##PP#..#.##..#....
##.~≈≈~...~~~~.#PPP#.##..'..'###+
#.~~~~~≈≈≈≈≈≈..PPP#.#####..#.+..
P..≈~≈≈≈≈≈~~...P#.#######..#†#..
PP..≈~≈≈≈~~..#.PP##.....'##'.#._
PPPP..≈~~~≈..PPP.P########..#.#..
PP.P#........PPP.PP# ####..#.+..
####PP.P.#P#PPPP@.P# #..'..+###†
PP##P#P#..P## #.##..#....
PPPPP#.PP#####.##..#....
P#PPPP.##PP#.....###+###' #
###### ####.##.....# #. ## #.#
###### ## .# ##.## # .###
#...##...### # ...# #.........>#
#


You could see an oklob plant.

Vanquished Creatures
  3 adders
  2 worms (D:3)
  2 dart slugs
  4 bats
  3 endoplasms
  2 giant cockroaches
  5 goblins
  6 hobgoblins
  5 jackals
  6 ball pythons
  A frilled lizard (D:3)
  3 kobolds
  3 rats
45 creatures vanquished.

Notes
Turn   | Place    | Note
-------+----------+-------------------------------------------
     0 | D:1      | patfeehan111222 the Demonspawn Berserker began the quest
                  | for the Orb.
     0 | D:1      | Reached XP level 1. HP: 18/18 MP: 1/1
   115 | D:1      | Gained mutation: Your demonic aura sometimes causes spilled
                  | blood to erupt in flames. [demonic ancestry]
   115 | D:1      | Reached XP level 2. HP: 21/24 MP: 2/2
   656 | D:2      | Reached ** piety under Trog
   741 | D:2      | Gained mutation: You are partially covered in rugged brown
                  | scales. (AC +1, +3% HP) [demonic ancestry]
   741 | D:2      | Reached XP level 3. HP: 23/29 MP: 3/3
  1315 | D:3      | Reached XP level 4. HP: 31/38 MP: 4/4
  1523 | D:3      | Found a snail-covered altar of Cheibriados.
  1838 | D:3      | Found a blossoming altar of Fedhas.
  1857 | D:3      | Noticed an oklob plant
  1871 | D:3      | Killed from afar by an oklob plant

Illustrated notes

Levels and vault maps discovered:
D:1:      scummos_arrival_simple_fountains, layout_rooms
D:2:      wander_river, layout_basic
D:3:      layout_loops_ring, mainiacjoe_overflow_24_doors, tgw_fedhas,
          lemuel_round_altar

Skill      XL: |  1  2 |
---------------+-------+-----
Axes           | 3 |  3.3
Armour         | 2 |  2.6
Dodging        | 2 |  2.1
Fighting       | |  3.8

Action                     |  1- 3 |  4- 6 || total
---------------------------+-------+-------++-------
  Melee: Hand axe          |   125 |    44 ||   169
         Punch             |     3 |     2 ||     5
 Invoke: Berserk           |       |     1 ||     1
    Use: Scroll            |     1 |       ||     1
 Armour: Animal skin       |     7 |       ||     7
         Ring mail         |    69 |     4 ||    73
  Dodge: Dodged            |   127 |    11 ||   138
